 Dungeon Crawl Stone Soup version 0.22.1-1-ga44c0e5 (webtiles) character file.

69 Folque the Magician (level 4, 0/29 HPs)
             Began as an Octopode Wizard on Oct 4, 2018.
             Slain by a quokka (2 damage)
             ... on level 2 of the Dungeon on Oct 5, 2018.
             The game lasted 00:06:54 (1967 turns).

Folque the Magician (Octopode Wizard)               Turns: 1967, Time: 00:06:55

Health: 0/29       AC:  1    Str:  6    XL:     4   Next: 20%
Magic:  2/9        EV: 13    Int: 21    God:
Gold:   133        SH:  0    Dex: 10    Spells: 1/9 levels left

rFire    . . .     SeeInvis .   e - +0 mace (curse)
rCold    . . .     Gourm    .   (no shield)
rNeg     . . .     Faith    .   a - +0 hat
rPois    .         Spirit   .   (no amulet)
rElec    .         Reflect  .   (no ring)
rCorr    .         Harm     .   (no ring)
MR       .....                  (no ring)
Stlth    +++.......             (no ring)
HPRegen  0.09/turn              (no ring)
MPRegen  0.11/turn              (no ring)
                                (no ring)
                                (no ring)

@: berserk cooldown, very slightly contaminated, slowed, very slow
A: almost no armour, stealthy swim, amphibious, 8 rings, constrict 8, camouflage
1, gelatinous body 1
a: no special abilities


You were on level 2 of the Dungeon.
You were not hungry.

You visited 1 branch of the dungeon, and saw 3 of its levels.

You collected 133 gold pieces.

Inventory:

Hand Weapons
 e - a cursed +0 mace (weapon)
 i - a +0 short sword of speed
Missiles
 g - 39 poisoned needles
 h - 38 sling bullets
 o - 3 curare-tipped needles
Armour
 a - a +0 hat (worn)
Magical Staves
 m - an uncursed staff of wizardry
Scrolls
 j - 2 scrolls of identify
 k - a scroll of teleportation {unknown}
 l - 3 scrolls of remove curse {unknown}
 p - a scroll of amnesia {unknown}
 q - 2 scrolls of magic mapping {unknown}
 r - a scroll of blinking {unknown}
Potions
 b - a potion of heal wounds {unknown}
 d - a potion of brilliance
 f - a potion of berserk rage
 s - a potion of lignification {unknown}
 t - a potion of curing {unknown}
Comestibles
 c - 3 rations
 n - a chunk of flesh


   Skills:
 - Level 2.0 Fighting
 - Level 2.0 Dodging
 + Level 3.0 Stealth
 + Level 3.4 Spellcasting
 - Level 2.0 Conjurations
 - Level 1.0 Summonings
 - Level 1.0 Translocations
 * Level 0.3 Air Magic
 + Level 1.1 Poison Magic


You had one spell level left.
You knew the following spells:

 Your Spells              Type           Power        Failure   Level  Hunger
a - Magic Dart            Conj           ##..         5%          1    None
b - Call Imp              Summ           #.......     13%         2    ##.....
c - Blink                 Tloc           N/A          13%         2    ##.....
d - Mephitic Cloud        Conj/Pois/Air  #.......     24%         3    ###....

Your spell library contained the following spells:

 Spells                   Type           Power        Failure   Level  Hunger
 Slow                     Hex            #.......     19%         2    ##.....
 Conjure Flame            Conj/Fire      #.......     26%         3    ###....


Dungeon Overview and Level Annotations

Branches:
Dungeon (3/15)

Altars:

Annotations:
D:3 Sigmund


Innate Abilities, Weirdness & Mutations

You cannot wear most types of armour.
You are very stealthy in the water. (Stealth+)
You are amphibious.
You can wear up to eight rings at the same time.
You can use your tentacles to constrict eight enemies at once.
Your skin changes colour to match your surroundings (Stealth+).
Your rubbery body absorbs attacks. (AC +1, EV +1)


Message History

The hobgoblin closely misses you.
There is a stone staircase leading up here.
You are no longer berserk.
You are exhausted.
You feel yourself slow down.
You climb upwards.
There is a stone staircase leading down here.
Casting: Mephitic Cloud (safe; 24% risk of failure)
Confirm with . or Enter, or press ? or * to list all spells.
You blink.
The quokka misses you.
Casting: Blink (safe; 13% risk of failure)
Confirm with . or Enter, or press ? or * to list all spells.
You miscast Blink.
You are very lightly contaminated with residual magic.
Nothing appears to happen.
The quokka completely misses you. The quokka misses you.
Casting: Blink (safe; 13% risk of failure)
Confirm with . or Enter, or press ? or * to list all spells.
You blink.
The quokka bites you.
You die...

#.####.# ####.####.#
..........#
.###.################
.###................#
................>##.#
.............ยง......##
###########...gr.....#
#.##.#@###.#
#.##.#<....#
#.##.####### #######
#.##.......# ......#
#.##.#####.#
#####.#####........#(#
#.......###.###.#.#
#..####.........#.#
#..########.#####.#


You could see a quokka and a hobgoblin.

Vanquished Creatures
  2 dart slugs
  A leopard gecko (D:2)
  2 giant cockroaches
  5 goblins
  3 hobgoblins
  9 jackals
  A quokka (D:2)
  9 bats
  5 frilled lizards
  6 kobolds
  6 rats
49 creatures vanquished.

Vanquished Creatures (collateral kills)
  An adder (D:2)
  3 worms (D:2)
  A giant cockroach (D:2)
  A hobgoblin (D:2)
6 creatures vanquished.

Grand Total: 55 creatures vanquished

Notes
Turn   | Place    | Note
-------+----------+-------------------------------------------
     0 | D:1      | Folque the Octopode Wizard began the quest for the Orb.
     0 | D:1      | Reached XP level 1. HP: 11/11 MP: 4/4
   124 | D:1      | Reached skill level 1 in Fighting
   124 | D:1      | Reached XP level 2. HP: 14/18 MP: 6/6
   223 | D:1      | Learned a level 2 spell: Call Imp
   226 | D:1      | Learned a level 2 spell: Blink
   607 | D:1      | Reached XP level 3. HP: 16/23 MP: 7/7
   612 | D:1      | Learned a level 3 spell: Mephitic Cloud
  1590 | D:2      | Reached XP level 4. HP: 26/29 MP: 9/9
  1641 | D:2      | Reached skill level 1 in Poison Magic
  1959 | D:3      | Noticed Sigmund
  1960 | D:3      | HP: 1/43 [Sigmund/scythe (6)]
  1967 | D:2      | Slain by a quokka

Skill      XL: |  1  2  3  4 |
---------------+-------------+-----
Fighting       | 1 2 |  2.0
Conjurations   | 2 |  2.0
Poison Magic   | 1 |  1.1
Stealth        | 3 |  3.0
Dodging        | |  2.0
Spellcasting   | |  3.4
Summonings     | |  1.0
Translocations | |  1.0
Air Magic      | |  0.3

Action                   |  1- 3 |  4- 6 || total
-------------------------+-------+-------++-------
Melee: Unarmed           |     9 |       ||     9
       Mace              |    86 |    20 ||   106
       Constrict         |    26 |     7 ||    33
       Tentacles         |    16 |     2 ||    18
 Cast: Magic Dart        |     5 |     3 ||     8
       Call Imp          |     7 |     4 ||    11
       Blink             |       |     2 ||     2
       Mephitic Cloud    |       |     1 ||     1
  Use: Scroll            |     2 |       ||     2
       Potion            |       |     1 ||     1
 Stab: Sleeping          |    16 |     3 ||    19
       Confused          |       |     1 ||     1
  Eat: Chunk             |     2 |     2 ||     4
Armor: Skin              |    25 |       ||    25
Dodge: Dodged            |    63 |    22 ||    85
